Map: Dreamcatcher LE

Players

eonblu

  • Race: Zerg Zerg
  • Spawn Location: 5:00

Bly - Winner!

  • Race: Zerg Zerg
  • Spawn Location: 11:00

Event: WCS Valencia 2018

VOD

Have the link to the VOD?

Description

Time

  • Played on: July 12, 2018, 6:31 a.m.
  • Length: 13:17

All games in this series

Show
View Real Time Build Order
Export as new Build Order

eonblu Zerg 

Build Orders: Hatch First 

Get SALT Encoding   

  12  0:01  Drone  
  13  0:12  Overlord  
  13  0:17  Drone  
  14  0:30  Drone x2  
  16  0:49  Hatchery  
  15  0:52  Drone  
  15  0:54  Drone  
  17  1:06  Extractor  
  17  1:10  Spawning Pool  
  15  1:14  Drone  
  15  1:17  Drone  
  17  1:20  Drone  
  18  1:29  Drone  
  19  1:57  Zergling x2  
  19  1:59  Zergling x2  
  19  2:00  Queen  
  19  2:01  Zergling x4  
  25  2:02  Queen  
  27  2:10  Spine Crawler  
  27  2:12  Zergling x2  
  26  2:26  Drone  
  28  2:37  Overlord  
  27  2:52  Hatchery  
  27  2:55  Drone  
  27  2:59  Drone  
  27  3:00  Drone  
  27  3:05  Evolution Chamber  
  28  3:11  Drone x2  
  29  3:16  Drone  
  29  3:18  Drone  
  31  3:27  Overlord  
  31  3:29  Drone x2  
  31  3:32  Drone  
  31  3:33  Drone  
  34  3:37  Drone  
  34  3:40  Drone  
  35  3:44  Overlord  
  35  3:46  Drone  
  36  3:52  Drone x3  
  39  3:56  Zerg Missile Weapons Level 1  
  38  4:05  Roach Warren  
  38  4:07  Lair  
  37  4:12  Drone x3  
  40  4:18  Queen  
  40  4:20  Drone  
  43  4:24  Extractor  
  43  4:25  Extractor, Drone x2  
  43  4:28  Drone  
  44  4:32  Drone x2  
  44  4:33  Drone  
  44  4:38  Overlord  
  47  4:46  Roach  
  49  4:53  Overlord  
  49  4:58  Roach  
  49  4:59  Roach x3  
  57  5:03  Glial Reconstitution  
  57  5:11  Overlord x2  
  57  5:21  Overlord x2  
  56  5:27  Roach x3  
  56  5:28  Roach x2  
  66  5:32  Overlord  
  66  5:33  Overlord  
  66  5:39  Roach x4  
  74  5:44  Roach  
  74  5:45  Roach  
  78  5:54  Roach x4  
  86  5:58  Drone x2  
  86  6:00  Drone  
  89  6:05  Zerg Missile Weapons Level 2  
  89  6:07  Drone  
  89  6:08  Drone  
  89  6:11  Drone x2  
  92  6:14  Drone  
  92  6:16  Drone x2  
  92  6:30  Roach x5  
  96  6:39  Drone  
  95  6:40  Drone x7  
  102  6:50  Extractor  
  102  6:51  Extractor, Overlord x2  
  102  6:53  Roach x3  
  106  6:58  Roach  
  106  6:59  Roach  
  110  7:02  Overseer  
  110  7:03  Overseer x2  
  108  7:08  Roach  
  108  7:09  Roach x2  
  112  7:20  Roach x7  
  126  7:26  Roach x2  
  126  7:28  Overlord x2  
  130  7:30  Overlord  
  130  7:40  Overlord x2  
  130  7:51  Roach x7  
  132  7:52  Roach  
  146  8:01  Drone x2  
  146  8:02  Drone x3  
  149  8:06  Hydralisk Den, Drone x2  
  150  8:14  Overlord  
  150  8:15  Overlord  
  148  8:22  Roach  
  148  8:26  Zerg Ground Armor Level 1  
  144  8:36  Hydralisk x10  
  144  8:39  Spore Crawler  
  144  8:40  Ravager  
  156  8:41  Spore Crawler  
  156  8:42  Grooved Spines  
  148  8:49  Hydralisk x2  
  140  9:03  Hydralisk x2  
  140  9:04  Hydralisk x2  
  140  9:06  Overlord  
  144  9:15  Roach  
  144  9:16  Roach x6  
  144  9:23  Roach x4  
  134  9:33  Roach  
  134  9:34  Roach x2  
  136  9:41  Roach x3  
  140  9:47  Overlord  
  140  9:52  Roach x5  
  156  9:53  Roach x5  
  160  10:06  Roach  
  160  10:07  Roach x3  
  168  10:14  Overlord x3  
  168  10:25  Spore Crawler  
  168  10:26  Spore Crawler x2  
  141  10:48  Hydralisk x9  
  141  10:49  Hydralisk x3  
  129  10:58  Hydralisk  
  110  11:15  Hydralisk  
  110  11:16  Hydralisk x2  
  114  11:24  Zergling x4  
  109  11:40  Zergling x8  
  111  11:58  Zergling x2  
  111  11:59  Zergling x8  
  112  12:08  Hydralisk  
  112  12:09  Zergling x2  
  81  12:46  Zergling x4  
  81  12:47  Zergling x4  
  63  13:01  Spine Crawler  
  63  13:02  Spine Crawler x2  
  42  13:05  Spine Crawler x2  
  42  13:06  Spine Crawler  
Show
View Real Time Build Order
Export as new Build Order

Bly Zerg - Winner!

Build Orders: Pool First 

Get SALT Encoding   

  12  0:18  Spawning Pool  
  11  0:22  Drone  
  11  0:27  Drone  
  13  0:32  Drone  
  14  0:42  Overlord  
  14  1:05  Zergling x4  
  14  1:06  Zergling x2  
  17  1:16  Zergling x2  
  18  1:28  Zergling x2, Hatchery  
  18  1:34  Queen  
  18  1:37  Zergling x2  
  21  1:49  Overlord  
  21  1:58  Drone  
  22  2:09  Drone  
  22  2:10  Queen  
  23  2:27  Drone  
  22  2:37  Drone  
  22  2:41  Drone  
  22  2:42  Drone  
  22  2:43  Queen  
  25  2:46  Drone x2  
  25  2:48  Queen  
  29  2:56  Overlord  
  29  3:16  Drone x7  
  35  3:32  Drone x4  
  39  3:36  Extractor  
  39  3:37  Extractor  
  37  3:43  Drone x2  
  37  3:44  Drone  
  40  3:54  Drone x2  
  40  3:55  Drone x2  
  44  3:57  Overlord  
  44  4:06  Overlord  
  44  4:07  Overlord  
  44  4:13  Overlord  
  44  4:17  Extractor  
  44  4:18  Extractor  
  44  4:19  Drone x3  
  44  4:23  Zergling x4  
  47  4:24  Lair  
  47  4:25  Drone x2  
  49  4:31  Drone  
  49  4:32  Drone  
  49  4:38  Roach Warren  
  50  4:41  Evolution Chamber  
  49  4:53  Drone x7  
  49  4:59  Overlord  
  56  5:04  Overlord  
  56  5:07  Overlord  
  56  5:09  Overlord, Zerg Missile Weapons Level 1  
  54  5:22  Glial Reconstitution  
  54  5:25  Spire  
  53  5:31  Roach x4  
  53  5:34  Roach  
  63  5:37  Spine Crawler, Roach  
  63  5:40  Roach  
  68  5:43  Roach x2  
  68  5:48  Roach  
  72  5:57  Overseer  
  72  6:00  Hatchery  
  71  6:10  Roach x5  
  81  6:14  Overlord  
  79  6:27  Roach x5  
  79  6:31  Roach x2  
  83  6:40  Roach x3  
  83  6:42  Roach  
  83  6:46  Overlord  
  87  7:04  Drone x3  
  87  7:05  Drone x2  
  92  7:11  Hatchery  
  91  7:17  Mutalisk x3  
  91  7:18  Mutalisk  
  99  7:24  Mutalisk x2  
  103  7:36  Mutalisk  
  105  7:44  Mutalisk  
  105  7:46  Overlord  
  105  7:48  Roach  
  105  7:49  Overlord, Roach x3  
  115  8:06  Overlord  
  117  8:12  Roach  
  117  8:13  Roach x5  
  127  8:31  Hatchery  
  126  8:38  Hatchery  
  126  8:39  Mutalisk  
  126  8:40  Mutalisk x3  
  133  8:51  Roach x3  
  140  9:04  Hatchery  
  140  9:05  Drone  
  140  9:07  Hatchery  
  140  9:18  Hatchery  
  140  9:19  Zerg Missile Weapons Level 2  
  140  9:20  Overlord x2  
  139  9:28  Overlord  
  139  9:29  Zerg Flyer Weapons Level 1  
  137  9:39  Mutalisk x3  
  143  9:51  Roach x6  
  155  9:53  Overlord  
  155  10:04  Roach  
  155  10:05  Roach x3  
  163  10:20  Mutalisk x2  
  167  10:26  Evolution Chamber  
  133  10:55  Roach  
  133  10:56  Roach x12  
  129  11:14  Roach x6  
  139  11:22  Roach x2  
  141  11:30  Spine Crawler  
  141  11:31  Spine Crawler  
  131  11:36  Mutalisk  
  131  11:37  Mutalisk  
  135  11:43  Mutalisk  
  137  11:47  Drone  
  138  11:54  Mutalisk x2  
  137  12:06  Roach x5  
  130  12:19  Roach x3, Evolution Chamber  
  135  12:25  Mutalisk  
  137  12:31  Roach x2  
  133  12:44  Mutalisk  
Tags
 
Add a new tag
Caveats
  • Supply blocks, unpowered buildings, or Contaminate may cause inaccurate times.
  • Supply counts are checked every 10 seconds.